 Dungeon Crawl Stone Soup version 0.25-a0-67-g7dccc1bee0 (webtiles) character file.

Game seed: 17602123050392310482, levelgen mode: deterministic

243350 segundo the Slayer (level 19, -5/156 HPs)
             Began as an Octopode Gladiator on Nov 1, 2019.
             Was a High Priest of Uskayaw.
             Slain by an emperor scorpion (25 damage)
             ... on level 1 of the Spider Nest.
             The game lasted 01:20:42 (51839 turns).

segundo the Slayer (Octopode Gladiator)            Turns: 51839, Time: 01:20:43

Health: -5/156     AC:  3    Str: 25    XL:     19   Next: 87%
Magic:  26/26      EV: 18    Int:  9    God:    Uskayaw [*****.]
Gold:   3164       SH: 27    Dex: 13    Spells: 16/28 levels left

rFire    + + .     SeeInvis +   S - +9 quick blade (flame)
rCold    + . .     Gourm    .   P - +6 large shield {rF+}
rNeg     . . .     Faith    +   b - +2 hat
rPois    +         Spirit   .   t - amulet of faith
rElec    .         Reflect  .   q - ring of protection from cold
rCorr    +         Harm     .   i - ring of Iwkudok {rPois rF+ Str-2 SInv}
MR       ++++.                  K - +4 ring of strength
Stlth    ++++......             G - +3 ring of strength
HPRegen  0.36/turn              e - +2 ring of strength
MPRegen  0.20/turn              Z - ring "Jovve" {MR++ Int-2 Dex-3 Slay+5}
                                U - ring of protection from magic
                                Y - ring of resist corrosion

@: lethally poisoned (-5 -> -43)
A: almost no armour, stealthy swim, amphibious, 8 rings, constrict 8, camouflage
1, gelatinous body 1
}: 1/15 runes: decaying
a: Stomp, Line Pass, Grand Finale, Renounce Religion


You were on level 1 of the Spider Nest.
You worshipped Uskayaw.
Uskayaw was aware of your devotion.
You were not hungry.

You visited 7 branches of the dungeon, and saw 32 of its levels.
You also visited: Bailey, Gauntlet, Ice Cave and Volcano.

You collected 4847 gold pieces.
You spent 1683 gold pieces at shops.

Inventory:

Hand Weapons
 S - a +9 quick blade of flaming (weapon)
 T - the +2 hunting sling of Winter {freeze, -Tele rN+ Int+3 Dex+4}
   (You found it in a Gauntlet)

   It causes projectiles fired from it to freeze those they strike, causing
   extra injury to most foes and up to half again as much damage against
   particularly susceptible opponents.
   They can also slow down cold-blooded creatures.
   It affects your intelligence (+3).
   It affects your dexterity (+4).
   It protects you from negative energy.
   It prevents most forms of teleportation.
Missiles
 c - 4 throwing nets (quivered) {!f}
Armour
 b - a +2 hat (worn)
 P - a +6 large shield of fire resistance (worn)
Magical Staves
 W - an uncursed staff of wizardry
Jewellery
 e - a +2 ring of strength (on tentacle)
 i - the ring of Iwkudok (right tentacle) {rPois rF+ Str-2 SInv}
   (You acquired it on level 3 of the Swamp)

   [ring of protection from fire]

   It affects your strength (-2).
   It protects you from fire.
   It protects you from poison.
   It lets you see invisible.
 o - the ring of Yhibori {rPois rN++ MP+9 Str-3 Dex+3}
   (You found it in a Gauntlet)

   [ring of poison resistance]

   It affects your strength (-3).
   It affects your dexterity (+3).
   It protects you from poison.
   It greatly protects you from negative energy.
   It affects your magic capacity (+9).
 q - a ring of protection from cold (left tentacle)
 t - an amulet of faith (around mantle)
 w - the ring "Jicopt" {Fire Int+4}
   (You found it in an ice cave)

   [ring of fire]

   It enhances your fire magic.
   It affects your intelligence (+4).
   It protects you from fire.
   It makes you vulnerable to cold.
 D - an uncursed ring of wizardry
 G - a +3 ring of strength (on tentacle)
 K - a +4 ring of strength (on tentacle)
 U - a ring of protection from magic (on tentacle)
 Y - a ring of resist corrosion (on tentacle)
 Z - the ring "Jovve" (on tentacle) {MR++ Int-2 Dex-3 Slay+5}
   (You took it off a deep elf master archer on level 3 of the Elven Halls)

   [ring of dexterity]

   It affects your intelligence (-2).
   It affects your dexterity (-3).
   It affects your accuracy and damage with ranged weapons and melee attacks
   (+5).
   It affects your resistance to hostile enchantments.
Wands
 a - a wand of iceblast (18)
 j - a wand of acid (12)
 s - a wand of digging (11)
 y - a wand of disintegration (13)
 B - a wand of paralysis (13)
 H - a wand of clouds (5)
 N - a wand of scattershot (11)
Scrolls
 g - 7 scrolls of fog
 k - 13 scrolls of teleportation {@r3}
 m - 9 scrolls of remove curse {@r2}
 n - a scroll of brand weapon
 p - 4 scrolls of fear
 r - 2 scrolls of enchant weapon
 x - 3 scrolls of blinking
 F - 3 scrolls of silence
 J - a scroll of amnesia
 M - 2 scrolls of holy word
 V - 2 scrolls of magic mapping
 X - 2 scrolls of summoning
Potions
 f - 4 potions of brilliance
 h - 3 potions of haste
 l - a potion of magic {unknown}
 u - 3 potions of might
 z - 6 potions of heal wounds
 A - 3 potions of invisibility
 C - 2 potions of agility
 E - a potion of mutation
 O - 6 potions of curing {@q1}
 Q - 3 potions of cancellation
Miscellaneous
 R - a phial of floods
Comestibles
 d - 34 rations


   Skills:
 * Level 21.7 Fighting
 - Level 12.0 Short Blades
 - Level 3.4 Throwing
 + Level 11.3 Dodging
 - Level 5.0 Stealth
 + Level 15.6 Shields
 - Level 5.0 Spellcasting
 - Level 2.0 Conjurations
 - Level 3.0 Translocations
 - Level 4.0 Air Magic
 - Level 3.0 Poison Magic
 * Level 9.9 Invocations
 + Level 6.8 Evocations


You had 16 spell levels left.
You knew the following spells:

 Your Spells              Type           Power        Failure   Level  Hunger
a - Passwall              Tmut/Erth      #.......     77%         2    ##.....
b - Blink                 Tloc           N/A          34%         2    ##.....
c - Mephitic Cloud        Conj/Pois/Air  #.......     56%         3    ###....
d - Corona                Hex            #......      63%         1    #......
e - Regeneration          Chrm/Necr      #.........   94%         3    ###....
f - Summon Butterflies    Summ           #.......     63%         1    #......

Your spell library contained the following spells:

 Spells                   Type           Power        Failure   Level  Hunger
 Apportation              Tloc           #.....       24%         1    #......
 Shock                    Conj/Air       #...         24%         1    #......
 Magic Dart               Conj           #...         34%         1    #......
 Swiftness                Chrm/Air       #.......     47%         2    ##.....
 Shroud of Golubria       Chrm/Tloc      #.....       54%         2    ##.....
 Gell's Gravitas          Tloc           #.........   56%         3    ###....
 Static Discharge         Conj/Air       #.......     56%         3    ###....
 Animate Skeleton         Necr           N/A          63%         1    #......
 Confusing Touch          Hex            #.....       63%         1    #......
 Freeze                   Ice            #...         63%         1    #......
 Infusion                 Chrm           #...         63%         1    #......
 Sandblast                Erth           #.....       63%         1    #......
 Summon Small Mammal      Summ           #...         63%         1    #......
 Throw Frost              Conj/Ice       #.....       63%         2    ##.....
 Call Imp                 Summ           #.......     77%         2    ##.....
 Ensorcelled Hibernation  Hex/Ice        #.....       77%         2    ##.....
 Slow                     Hex            #.......     77%         2    ##.....
 Song of Slaying          Chrm           #.......     77%         2    ##.....
 Portal Projectile        Hex/Tloc       #.....       78%         3    ###....
 Airstrike                Air            #.........   83%         4    #####..
 Conjure Flame            Conj/Fire      #.......     85%         3    ###....
 Stone Arrow              Conj/Erth      #.....       85%         3    ###....
 Call Canine Familiar     Summ           #.......     94%         3    ###....
 Confuse                  Hex            #.......     94%         3    ###....
 Inner Flame              Hex/Fire       #.......     94%         3    ###....
 Ozocubu's Armour         Chrm/Ice       #.......     94%         3    ###....
 Spectral Weapon          Hex/Chrm       #.......     94%         3    ###....
 Throw Icicle             Conj/Ice       #.......     99%         4    #####..
 Cause Fear               Hex            #.........   100%        4    #####..
 Leda's Liquefaction      Hex/Erth       #.........   100%        4    #####..
 Petrify                  Tmut/Erth      #.......     100%        4    #####..
 Summon Ice Beast         Ice/Summ       #.......     100%        4    #####..
 Bolt of Draining         Conj/Necr      #.........   100%        5    ######.
 Bolt of Magma            Conj/Fire/Erth #.........   100%        5    ######.
 Borgnjor's Vile Clutch   Necr/Erth      #.........   100%        5    ######.
 Excruciating Wounds      Chrm/Necr      #.........   100%        5    ######.
 Irradiate                Conj/Tmut      #.........   100%        5    ######.
 Iskenderun's Battlesphe  Conj/Chrm      #.......     100%        5    ######.
 Lee's Rapid Deconstruct  Erth           #.........   100%        5    ######.
 Lightning Bolt           Conj/Air       #.........   100%        5    ######.
 Metabolic Englaciation   Hex/Ice        #.........   100%        5    ######.
 Silence                  Hex/Air        #.........   100%        5    ######.
 Summon Mana Viper        Hex/Summ       #.......     100%        5    ######.
 Venom Bolt               Conj/Pois      #.........   100%        5    ######.
 Yara's Violent Unravell  Hex/Tmut       #.........   100%        5    ######.
 Bolt of Cold             Conj/Ice       #.........   100%        6    #######
 Hydra Form               Tmut           #.........   100%        6    #######
 Iron Shot                Conj/Erth      #.........   100%        6    #######
 Statue Form              Tmut/Erth      #........    100%        6    #######
 Dragon Form              Tmut           #.........   100%        7    #######
 Orb of Destruction       Conj           #.........   100%        7    #######
 Spellforged Servitor     Conj/Summ      #.........   100%        7    #######
 Summon Hydra             Summ           #.........   100%        7    #######
 Tornado                  Air            #.........   100%        9    #######


Dungeon Overview and Level Annotations

Branches:
Dungeon (15/15)            Temple (1/1) D:6            Lair (6/6) D:10
  Swamp (4/4) Lair:3       Spider (1/4) Lair:3        Slime (0/5) Lair:6
    Orc (2/2) D:10            Elf (3/3) Orc:2        Vaults (0/5) D:13
 Depths (0/5) D:15         Bailey (visited)           IceCv (visited)
Volcano (visited)         Gauntlet (visited)

Altars:
Ashenzari
Cheibriados
Dithmenos
Elyvilon
Fedhas
Gozag
Hepliaklqana
Kikubaaqudgha
Makhleb
Nemelex Xobeh
Okawaru
Qazlal
Ru
Sif Muna
Trog
Uskayaw
Vehumet
Wu Jian
Xom
Yredelemnul
Zin
The Shining One
Beogh
Jiyva

Shops:
D:8 :*   D:9 *}   D:15 [   Orc:2 ?=(:


Innate Abilities, Weirdness & Mutations

You cannot wear most types of armour.
You are very stealthy in the water. (Stealth+)
You are amphibious.
You can wear up to eight rings at the same time.
You can use your tentacles to constrict eight enemies at once.
Your skin changes colour to match your surroundings (Stealth+).
Your rubbery body absorbs attacks. (AC +1, EV +1)


Message History

You block the jumping spider's attack. You block the wolf spider's attack. x2
The emperor scorpion closely misses you.
The emperor scorpion claws you!
* * * LOW HITPOINT WARNING * * *
The emperor scorpion misses you.
You block the jumping spider's attack. x2
Aiming: Grand Finale
Aim: an emperor scorpion (heavily wounded)
You fail to use your ability.
You constrict the wolf spider!
* * * LOW HITPOINT WARNING * * *
You feel very sick. The wolf spider hits you!
* * * LOW HITPOINT WARNING * * *
You block the wolf spider's attack. You block the demonic crawler's attack.
The demonic crawler hits you but does no damage.
You block the demonic crawler's attack.
The jumping spider completely misses you.
The jumping spider misses you. You block the wolf spider's attack.
The wolf spider misses you. The emperor scorpion stings you!!
You die...

#............#
#............#
#............#
#............#
#....†.......#
#............#
#............#
##............#
#..s@s........#
#.^ss.........#
#.............#
#^.............#
#...............#
#......s.........
^!..............
.^.#...........


You could see an emperor scorpion, a demonic crawler, a wolf spider, a jumping
spider and a redback.

Vanquished Creatures
  Mara (Swamp:3)
  the Lernaean hydra (Swamp:4)
  Nikola (Elf:2)
  Rupert (D:13)
  Asterion (Elf:2)
  A deep elf master archer (Elf:3)
  2 deep elf blademasters
  Kirke (D:12)
  5 thorn hunters
  Agnes (Elf:1)
  Donald (Swamp:4)
  11 deep elf sorcerers (Elf:3)
  A deep elf elementalist (Elf:3)
  The ghost of Inarius the Black Belt, a journeyman DsAK of Lugonu (Swamp:1)
  A dire elephant (D:15)
  4 deep elf annihilators
  4 deep elf demonologists (Elf:3)
  A minotaur (Gauntlet)
  The ghost of junkhipster the Carver, a journeyman FoFi of Cheibriados (D:11)
  3 deep elf death magi
  A fire dragon (Volcano)
  7 deep elf high priests
  26 hydras
  3 shambling mangroves
  3 catoblepae (Lair:6)
  3 ghost crabs
  2 ice dragons (IceCv)
  3 centaur warriors
  25 dancing weapons
  9 two-headed ogres
  13 alligators
  6 death yaks (Lair:6)
  14 deep elf knights
  2 orc high priests (Orc:2)
  Nergalle (D:12)
  7 skeletal warriors
  3 spriggan druids
  A glowing orange brain (Gauntlet)
  9 swamp dragons
  6 deep elf archers
  10 orc knights
  A harpy (shapeshifter) (D:15)
  2 orb spiders (Spider:1)
  An orc sorcerer (Orc:2)
  5 ugly things
  4 manticores
  4 wolf spiders (Spider:1)
  66 deep elf magi
  A cyclops (D:12)
  4 oklob plants (Lair:4)
  16 slime creatures
  6 elephants (Lair:6)
  2 centaur zombies
  4 salamanders
  2 ice statues (IceCv)
  3 black mambas
  2 gargoyles
  Maurice (Orc:1)
  21 spiny frogs
  A centaur skeleton (D:10)
  12 rime drakes
  5 komodo dragons
  3 tengu conjurers
  An efreet (D:14)
  3 polar bears (Lair:1)
  8 trolls
  5 jumping spiders
  A hornet (shapeshifter) (D:14)
  8 tyrant leeches
  5 bog bodies
  14 hippogriffs
  14 hornets
  18 blink frogs
  4 air elementals
  A meliai zombie (D:12)
  7 redbacks
  3 shadows
  Sigmund (D:6)
  4 tarantellas (Spider:1)
  8 wyverns
  5 water elementals
  16 humans (D:13)
  8 spriggans
  2 wraiths
  2 fire elementals
  A hog (D:12)
  5 basilisks
  48 yaks
  Eustachio (D:6)
  10 fire bats (Volcano)
  7 steam dragons
  27 vampire mosquitoes
  3 hungry ghosts
  A redback simulacrum (D:15)
  Menkaure (D:5)
  Edmund (D:6)
  15 insubstantial wisps
  16 swamp worms
  12 wargs
  2 soldier ants
  An acid dragon (Lair:2)
  2 porcupines
  10 water moccasins
  18 swamp drakes
  17 ice beasts
  46 orc warriors
  4 sky beasts
  15 ogres
  2 phantoms
  10 wolves
  17 centaurs
  2 necrophages
  15 crocodiles
  2 small abominations (Gauntlet)
  2 big kobolds
  Blork the orc (D:6)
  16 bullfrogs
  3 earth elementals
  A wyvern zombie (D:14)
  2 water moccasin skeletons
  4 scorpions
  4 killer bees
  6 howler monkeys
  4 wights (D:9)
  An electric eel (Lair:2)
  5 crimson imps
  A bullfrog zombie (D:9)
  A quasit (D:13)
  6 hounds
  3 jellies
  15 orc priests
  4 bullfrog skeletons
  Crazy Yiuf (D:4)
  Jessica (D:3)
  3 iguanas
  14 worker ants
  20 orc wizards
  2 hound zombies
  3 hound skeletons
  4 worker ant zombies
  12 adders
  4 gnolls (D:6)
  5 shadow imps
  An ooze (D:2)
  An adder zombie (D:8)
  An adder skeleton (D:4)
  2 worms
  6 dart slugs
  6 leopard geckos
  116 orcs
  12 bats
  3 giant cockroaches
  9 goblins
  8 hobgoblins
  12 jackals
  7 quokkas
  A ball python (D:3)
  4 frilled lizards
  A giant cockroach zombie (D:5)
  20 kobolds
  A leopard gecko skeleton (D:7)
  2 rats (D:2)
  4 crawling corpses
  A plant (Volcano)
1178 creatures vanquished.

Vanquished Creatures (others)
  A deep elf knight (Elf:2)
  2 steam dragons (Volcano)
  9 fungi
  47 plants
59 creatures vanquished.

Grand Total: 1237 creatures vanquished

Notes
Turn   | Place    | Note
-------+----------+-------------------------------------------
     0 | D:1      | segundo the Octopode Gladiator began the quest for the Orb.
     0 | D:1      | Reached XP level 1. HP: 14/14 MP: 1/1
   135 | D:1      | Reached XP level 2. HP: 14/19 MP: 2/2
   547 | D:1      | Reached XP level 3. HP: 23/25 MP: 3/3
   948 | D:2      | Noticed a bullfrog
   984 | D:2      | Killed a bullfrog
   984 | D:2      | Reached XP level 4. HP: 6/30 MP: 4/4
  1513 | D:2      | Reached skill level 3 in Fighting
  1513 | D:2      | Reached XP level 5. HP: 29/36 MP: 5/5
  2235 | D:3      | Noticed Jessica
  2242 | D:3      | Killed Jessica
  2617 | D:2      | Reached skill level 5 in Dodging
  2617 | D:2      | Reached XP level 6. HP: 24/42 MP: 6/6
  3280 | D:4      | Found a shimmering altar of Xom.
  3297 | D:4      | Reached skill level 4 in Fighting
  3316 | D:4      | Reached XP level 7. HP: 40/48 MP: 7/7
  4134 | D:4      | Found a runed translucent door.
  4135 | D:4      | Noticed Crazy Yiuf
  4528 | D:4      | Killed Crazy Yiuf
  4637 | D:5      | Entered Level 5 of the Dungeon
  4668 | D:5      | Reached skill level 5 in Fighting
  4769 | D:5      | Reached XP level 8. HP: 32/55 MP: 8/8
  4914 | D:5      | Noticed Menkaure
  4922 | D:5      | Killed Menkaure
  6004 | D:5      | Reached skill level 6 in Fighting
  6347 | D:6      | Reached XP level 9. HP: 27/63 MP: 9/9
  6537 | D:6      | Found a staircase to the Ecumenical Temple.
  6576 | Temple   | Entered the Ecumenical Temple
  6809 | Temple   | Became a worshipper of Uskayaw the Reveler
  6840 | D:6      | Noticed Blork the orc
  6860 | D:6      | Reached * piety under Uskayaw
  6865 | D:6      | Killed Blork the orc
  6865 | D:6      | Reached ** piety under Uskayaw
  6927 | D:6      | Reached *** piety under Uskayaw
  7047 | D:6      | Noticed Edmund
  7056 | D:6      | Killed Edmund
  7234 | D:6      | Noticed Sigmund
  7243 | D:6      | Killed Sigmund
  7248 | D:6      | Reached **** piety under Uskayaw
  7252 | D:6      | Reached ***** piety under Uskayaw
  7509 | D:6      | Got a crystal rapier
  7563 | D:6      | Noticed Eustachio
  7570 | D:6      | Killed Eustachio
  7570 | D:6      | Reached skill level 7 in Fighting
  7570 | D:6      | Reached skill level 10 in Dodging
  7594 | D:6      | Identified the +6 rapier of Defiance {pierce, rN+} (You
                  | found it on level 6 of the Dungeon)
  7809 | D:7      | Found a shimmering blue altar of Sif Muna.
  8148 | D:7      | Reached skill level 1 in Invocations
  8148 | D:7      | Reached skill level 1 in Evocations
  8347 | D:8      | Learned a level 2 spell: Passwall
  8351 | D:8      | Found a flagged portal.
  8363 | Bailey   | Entered a bailey
  9249 | Bailey   | Reached XP level 10. HP: 60/71 MP: 12/12
  9398 | Bailey   | Reached skill level 5 in Short Blades
 11412 | D:8      | Found Afeital's Lightly-Used Armoury.
 11425 | D:8      | Found an iron altar of Okawaru.
 11472 | D:8      | Bought a -3 quick blade for 1 gold piece
 11702 | D:8      | Found Hyashusa's Book Shoppe.
 11746 | D:8      | Reached skill level 5 in Invocations
 11755 | D:8      | Bought a book of Minor Magic for 240 gold pieces
 11758 | D:8      | Learned a level 2 spell: Blink
 11762 | D:8      | Learned a level 3 spell: Mephitic Cloud
 12273 | D:9      | Reached skill level 1 in Translocations
 12374 | D:9      | Reached skill level 1 in Air Magic
 12380 | D:9      | Reached skill level 1 in Spellcasting
 12411 | D:9      | Reached skill level 1 in Poison Magic
 12652 | D:9      | Reached skill level 1 in Conjurations
 12654 | D:9      | Reached XP level 11. HP: 69/75 MP: 15/15
 12662 | D:9      | Reached ****** piety under Uskayaw
 12728 | D:9      | Found Xank's Gadget Emporium.
 12751 | D:9      | Bought a wand of iceblast (8) for 192 gold pieces
 12751 | D:9      | Bought a wand of polymorph (4) for 96 gold pieces
 12863 | D:9      | Found Waerel's Island Escapes.
 12871 | D:9      | Bought a scroll of fog for 28 gold pieces
 12947 | D:10     | Entered Level 10 of the Dungeon
 13021 | D:10     | Noticed Urug
 13036 | D:10     | Noticed Urug
 13036 | D:10     | Urug changed into Urug the jumping spider
 13049 | D:10     | Killed Urug the jumping spider
 14192 | D:10     | Found a staircase to the Orcish Mines.
 14751 | D:10     | Found a roughly hewn altar of Beogh.
 14964 | D:10     | Found a staircase to the Lair.
 15007 | D:10     | Learned a level 1 spell: Corona
 15011 | D:10     | Learned a level 3 spell: Regeneration
 15023 | D:11     | Found a runed translucent door.
 15024 | D:11     | Identified the +8 trident "Foygg" {freeze, Int+3 SInv
                  | Stlth+}
 15026 | D:11     | Noticed junkhipster's ghost (journeyman FoFi)
 15151 | D:11     | Noticed a two-headed ogre
 15158 | D:11     | Killed a two-headed ogre
 15322 | D:11     | Found a hide-covered altar of Uskayaw.
 15616 | D:11     | Reached skill level 5 in Spellcasting
 15737 | D:11     | Noticed a green ugly thing
 15865 | D:11     | Killed a green ugly thing
 15865 | D:11     | Reached XP level 12. HP: 52/81 MP: 19/19
 16266 | D:12     | Noticed a two-headed ogre
 16277 | D:12     | Killed a two-headed ogre
 16277 | D:12     | Reached skill level 10 in Short Blades
 16398 | D:12     | Noticed a five-headed hydra
 16527 | D:12     | Noticed Nergalle
 16561 | D:12     | Killed Nergalle
 16877 | Lair:1   | Entered Level 1 of the Lair of Beasts
 17011 | Lair:1   | Found a dark tunnel.
 17016 | Volcano  | Entered a volcano
 17091 | Volcano  | Noticed a two-headed ogre
 17111 | Volcano  | Killed a two-headed ogre
 17111 | Volcano  | Reached skill level 5 in Evocations
 17496 | Volcano  | Noticed a two-headed ogre
 17508 | Volcano  | Killed a two-headed ogre
 17816 | Volcano  | Noticed a fire dragon
 17830 | Volcano  | Killed a fire dragon
 18308 | Lair:1   | Reached skill level 1 in Shields
 18481 | Lair:1   | Noticed a six-headed hydra
 18487 | Lair:1   | Killed a six-headed hydra
 18503 | Lair:1   | Reached skill level 8 in Fighting
 18503 | Lair:1   | Reached XP level 13. HP: 88/88 MP: 20/20
 19281 | Lair:2   | Identified a scroll of acquirement
 19402 | Lair:2   | Reached skill level 9 in Fighting
 19552 | Lair:2   | Found a gate leading to a gauntlet.
 19561 | Gauntlet | Entered a Gauntlet
 19561 | Gauntlet | Found a transporter.
 19561 | Gauntlet | Found a transporter.
 19630 | Gauntlet | Found a transporter.
 19630 | Gauntlet | Found a transporter.
 19632 | Gauntlet | Found a large runed translucent door.
 19633 | Gauntlet | Found a large runed translucent door.
 19634 | Gauntlet | Found a large runed translucent door.
 19634 | Gauntlet | Found a large runed translucent door.
 19634 | Gauntlet | Found a runed translucent door.
 19635 | Gauntlet | Found a large runed translucent door.
 19637 | Gauntlet | Found a transporter.
 19651 | Gauntlet | Found a large runed translucent door.
 19652 | Gauntlet | Found a large runed translucent door.
 19653 | Gauntlet | Found a large runed translucent door.
 19654 | Gauntlet | Found a runed translucent gate.
 19656 | Gauntlet | Found a transporter.
 19664 | Gauntlet | Found a transporter.
 19664 | Gauntlet | Found a runed translucent gate.
 19665 | Gauntlet | Found a runed translucent gate.
 19666 | Gauntlet | Found a transporter.
 19666 | Gauntlet | Found a transporter.
 19666 | Gauntlet | Found a large runed translucent door.
 19667 | Gauntlet | Found a large runed translucent door.
 19668 | Gauntlet | Found a large runed translucent door.
 19670 | Gauntlet | Found a transporter.
 19677 | Gauntlet | Noticed a dire elephant
 19677 | Gauntlet | a death yak changed into a dire elephant
 19684 | Gauntlet | Noticed a sphinx
 19684 | Gauntlet | a dire elephant changed into a sphinx
 19692 | Gauntlet | Noticed a stone giant
 19692 | Gauntlet | a sphinx changed into a stone giant
 19698 | Gauntlet | Found a transporter.
 19700 | Gauntlet | Noticed an azure jelly
 19705 | Gauntlet | Found a runed translucent door.
 19714 | Gauntlet | Found a large runed translucent door.
 19714 | Gauntlet | Found a large runed translucent door.
 19714 | Gauntlet | Found a large runed translucent door.
 19715 | Gauntlet | Found a large runed translucent door.
 19716 | Gauntlet | Found a transporter.
 19716 | Gauntlet | Found a large runed translucent door.
 19761 | Gauntlet | Found a transporter.
 19774 | Gauntlet | Noticed a reaper
 19775 | Gauntlet | Found a transporter.
 19875 | Gauntlet | Found a transporter.
 19889 | Gauntlet | Found a transporter.
 20095 | Gauntlet | Got a clouded marble ring
 20352 | Gauntlet | Identified the ring of Yhibori {rPois rN++ MP+9 Str-3
                  | Dex+3} (You found it in a Gauntlet)
 20366 | Gauntlet | Got a faintly glowing graven amulet
 20421 | Gauntlet | Noticed a minotaur
 20427 | Gauntlet | Killed a minotaur
 20427 | Gauntlet | Reached skill level 10 in Fighting
 20522 | Gauntlet | Got a fine short sword
 20522 | Gauntlet | Got a faintly glowing hunting sling
 20732 | Lair:2   | Reached skill level 5 in Shields
 21652 | Lair:3   | Found a hole to the Spider Nest.
 21736 | Lair:3   | Found a frozen archway.
 21744 | IceCv    | Entered an ice cave
 22392 | IceCv    | Reached skill level 11 in Fighting
 22558 | IceCv    | Noticed an ice dragon
 22558 | IceCv    | Noticed an ice dragon
 22562 | IceCv    | Found the amulet of the Four Winds {rN+ MR+++ Clar}
 22566 | IceCv    | Killed an ice dragon
 22585 | IceCv    | Killed an ice dragon
 22604 | IceCv    | Got a twitching bronze ring
 22746 | IceCv    | Identified the ring "Jicopt" {Fire Int+4} (You found it in
                  | an ice cave)
 22755 | IceCv    | Identified the +3 short sword of Defence {pierce, rF+ Str-3
                  | Int+3} (You found it in a Gauntlet)
 22816 | Lair:3   | Identified the +2 hunting sling of Winter {freeze, -Tele
                  | rN+ Int+3 Dex+4} (You found it in a Gauntlet)
 23030 | Lair:3   | Found a staircase to the Swamp.
 23130 | Lair:3   | Reached XP level 14. HP: 101/101 MP: 21/21
 23144 | Lair:3   | Found a radiant altar of Vehumet.
 24091 | Lair:4   | Identified the amulet "Ibuisuh" {*Contam +Rage Int+3} (You
                  | found it in a Gauntlet)
 24337 | Lair:4   | Reached skill level 12 in Fighting
 26087 | Lair:6   | Entered Level 6 of the Lair of Beasts
 26602 | Lair:6   | Found a staircase to the Slime Pits.
 26603 | Lair:6   | Found a viscous altar of Jiyva.
 27708 | Lair:6   | Reached skill level 13 in Fighting
 28311 | Lair:6   | Reached XP level 15. HP: 111/111 MP: 22/22
 28926 | D:12     | Noticed Kirke
 28941 | D:12     | Killed Kirke
 29022 | D:12     | Reached skill level 14 in Fighting
 29641 | D:13     | Found a gate to the Vaults.
 29641 | D:13     | Noticed Rupert
 29913 | D:13     | Killed Rupert
 30460 | D:13     | You fall into a shaft and drop 2 floors!
 30460 | D:15     | Entered Level 15 of the Dungeon
 30460 | D:15     | Found Ciroel's Armour Emporium.
 30864 | D:14     | Reached skill level 15 in Fighting
 30882 | D:14     | Reached skill level 10 in Shields
 32512 | D:15     | Reached XP level 16. HP: 123/123 MP: 23/23
 32706 | D:15     | Found a staircase to the Depths.
 33025 | D:15     | Reached skill level 16 in Fighting
 33209 | D:11     | Killed junkhipster's ghost
 33531 | D:9      | Bought a scroll of teleportation for 42 gold pieces
 33531 | D:9      | Bought a scroll of blinking for 105 gold pieces
 33531 | D:9      | Bought a wand of digging (7) for 308 gold pieces
 33531 | D:9      | Bought a potion of invisibility for 112 gold pieces
 33576 | Orc:1    | Entered Level 1 of the Orcish Mines
 33579 | Orc:1    | Found Xeivuh's Weapon Emporium.
 33656 | Orc:1    | Noticed Maurice
 33885 | Orc:1    | Killed Maurice
 34128 | Orc:2    | Entered Level 2 of the Orcish Mines
 34614 | Orc:2    | Found a staircase to the Elven Halls.
 34692 | Orc:2    | Reached skill level 1 in Stealth
 34889 | Orc:2    | Found Asteicoe's Weapon Boutique.
 34889 | Orc:2    | Found Zeqeoduo's Book Emporium.
 34939 | Orc:2    | Found a roughly hewn altar of Beogh.
 35052 | Orc:2    | Found Qeorraj's Jewellery Emporium.
 35144 | Orc:2    | Found Visuesah's Magic Scroll Boutique.
 35337 | Orc:2    | Bought a scroll of fear for 49 gold pieces
 35337 | Orc:2    | Bought a scroll of identify for 28 gold pieces
 35337 | Orc:2    | Bought a scroll of magic mapping for 49 gold pieces
 35337 | Orc:2    | Bought a scroll of teleportation for 42 gold pieces
 35337 | Orc:2    | Bought a scroll of teleportation for 42 gold pieces
 35337 | Orc:2    | Bought a scroll of fear for 49 gold pieces
 35857 | Orc:2    | Bought an uncursed ring of resist corrosion for 300 gold
                  | pieces
 36703 | Elf:1    | Entered Level 1 of the Elven Halls
 37121 | Elf:1    | Reached skill level 17 in Fighting
 37121 | Elf:1    | Reached skill level 5 in Stealth
 37146 | Elf:1    | Got a transparent great sword
 37692 | Elf:1    | Noticed Agnes
 37699 | Elf:1    | Killed Agnes
 37794 | Elf:1    | Reached XP level 17. HP: 133/133 MP: 24/24
 38138 | Elf:1    | Identified the Catalogue of Attacks
 38728 | Elf:1    | Learned a level 1 spell: Summon Butterflies
 38983 | Elf:2    | Reached skill level 18 in Fighting
 39264 | Elf:2    | Found a runed translucent gate.
 39264 | Elf:2    | Found a runed translucent gate.
 39265 | Elf:2    | Found a runed translucent gate.
 39337 | Elf:3    | Entered Level 3 of the Elven Halls
 40759 | Elf:3    | Noticed a deep elf blademaster
 40765 | Elf:3    | Killed a deep elf blademaster
 41718 | Elf:3    | Identified the +3 glaive of Siot Nonk {flame, rPois Int+6}
 41741 | Elf:3    | Reached skill level 19 in Fighting
 42005 | Elf:3    | Identified the cursed +0 scythe of Dishonour {freeze, rF+++
                  | Int+2}
 42027 | Elf:3    | Identified the cursed ring "Jovve" {MR++ Int-2 Dex-3
                  | Slay+5}
 42027 | Elf:3    | Noticed a deep elf master archer
 42128 | Elf:3    | Reached XP level 18. HP: 144/144 MP: 25/25
 42401 | Elf:3    | Noticed a Hell Sentinel
 42405 | Elf:3    | Noticed a Hell Sentinel
 42713 | Elf:3    | Killed a deep elf master archer
 42969 | Elf:3    | Identified Qatoosith's Compendium of Earthen Bewitchment
 42971 | Elf:3    | Identified Ponkehy's Incunabulum of Dusty Weightlessness
 42999 | Elf:3    | Identified the Compendium of Clay and the Glacier
 43018 | Elf:3    | Identified the Reference Book on Good Luck and Clay
 44276 | Elf:2    | Noticed Nikola
 44285 | Elf:2    | Noticed Asterion
 44610 | Elf:2    | Noticed a deep elf blademaster
 44617 | Elf:2    | Killed a deep elf blademaster
 44617 | Elf:2    | Reached skill level 20 in Fighting
 44718 | Elf:2    | Killed Nikola
 44835 | Elf:2    | Killed Asterion
 45311 | Spider:1 | Entered Level 1 of the Spider Nest
 45599 | Swamp:1  | Entered Level 1 of the Swamp
 45814 | Swamp:1  | Found a transporter.
 45835 | Swamp:1  | Noticed Inarius's ghost (journeyman DsAK)
 45837 | Swamp:1  | Found a transporter.
 47797 | Swamp:2  | Reached XP level 19. HP: 97/153 MP: 26/26
 48169 | Swamp:2  | Reached skill level 15 in Shields
 48466 | Swamp:2  | Reached skill level 21 in Fighting
 48650 | Swamp:3  | Noticed Mara
 48664 | Swamp:3  | Killed Mara
 49356 | Swamp:3  | Got a faintly glowing steel ring
 49358 | Swamp:3  | Identified the ring of Iwkudok {rPois rF+ Str-2 SInv} (You
                  | acquired it on level 3 of the Swamp)
 49466 | Swamp:4  | Entered Level 4 of the Swamp
 49466 | Swamp:4  | Noticed Donald
 49483 | Swamp:4  | Killed Donald
 50291 | Swamp:4  | Noticed the 27-headed Lernaean hydra
 50300 | Swamp:4  | Killed the 27-headed Lernaean hydra
 51326 | Swamp:4  | Got a decaying rune of Zot
 51448 | Swamp:1  | Killed Inarius's ghost
 51839 | Spider:1 | Slain by an emperor scorpion

Levels and vault maps discovered:
D:1:      dpeg_arrival_tiny_a, layout_basic
D:2:      layout_loops_ring, minmay_misc_feat_more_columns
D:3:      layout_rooms, uniq_jessica
D:4:      layout_gridville, hangedman_decor_peaks_small, xom_teletrap_fun,
          uniq_crazy_yiuf_cottage
D:5:      minmay_chambers_of_fours, layout_loops_ring, first_ration,
          uniq_menkaure
D:6:      layout_basic, minmay_temple_entry_mist, uniq_blork_the_orc,
          uniq_sigmund, uniq_edmund, uniq_eustachio
D:7:      layout_basic, basic_altar, the_bakery, minmay_misc_feat_enclosed,
          minivault_23
D:8:      layout_cave_pools, okawaru_metal_pillars_1_2, enter_bailey_2,
          serial_shops, shop, minmay_shop_damaged
D:9:      layout_rooms, serial_shops, kennysheep_little_box,
          nicolae_island_escapes
D:10:     layout_cave_pools, lair_entry_dummy, minmay_orc_entry_temple_small,
          kennysheep_nondescript, uniq_urug
D:11:     layout_long_grid, basic_altar, ebering_ghost_funeral_grove
D:12:     layout_basic, uniq_kirke, uniq_nergalle
D:13:     layout_long_grid, david_vaults_3
D:14:     layout_rooms, chequers_serial_rivers_marsh
D:15:     hangedman_depths_entry_try_elsewhere_first, layout_long_grid,
          serial_shops, nicolae_shop_crystal, skrybe_limestone_x,
          minmay_misc_feat_rows
Temple:   roderic_octagonal_lattice_temple
Lair:1:   layout_regular_city, nicolae_volcano_entry_s_turn,
          cheibrodos_lair_lostbears, grunt_megastairs_2
Lair:2:   layout_gridlike, gauntlet_entry_generic, bobbens_dragon_lair_wall,
          lemuel_fruit_tree
Lair:3:   layout_hall_layers, minmay_swamp_entry_worms, spider_nest_entry_webs,
          portal_ice_cave_entry_pillars_1, basic_altar, serial_bayou_pond_e,
          infiniplex_staircase_pool
Lair:4:   layout_cave_pods, wad_woods_river_03, minmay_lair_oklob_chamber
Lair:5:   layout_loops_ring
Lair:6:   evilmike_catoblepas_cave, layout_layer_cave, slime_altar_1,
          grunt_megastairs_5
Swamp:1:  layout_falls_marsh, gammafunk_ghost_arena,
          nicolae_swamp_trees_clearing
Swamp:2:  layout_basic_swamp, evilmike_swamp_ruin_rubble_1
Swamp:3:  layout_basic_swamp, evilmike_swamp_ruin_house_2, uniq_mara
Swamp:4:  swamp_old_school, layout_basic_swamp, swamp_pool2,
          hangedman_swamp_cone, uniq_donald
Spider:1: layout_spider_delve
Orc:1:    layout_caves, serial_shops, shop, uniq_maurice
Orc:2:    st_orc_town, layout_diamond_mine
Elf:1:    minmay_elf_arrival_plus, layout_loops_corners,
          minmay_elf_annihilation, guppyfry_library_mini, uniq_agnes
Elf:2:    layout_geoelf_grid, uniq_nikola, uniq_asterion
Elf:3:    minmay_elf_hall_x, layout_gridlike

Skill      XL: |  1  2  3  4  5  6  7  8  9 10 11 12 13 14 15 16 17 18 19 |
---------------+----------------------------------------------------------+-----
Dodging        | 4 5 6 7 9 10 11 | 11.3
Fighting       | 3 4 5 6 7 8 11 13 15 17 19 20 21 | 21.7
Throwing       | 3 |  3.4
Invocations    | 2 5 6 9 |  9.9
Evocations     | 2 6 |  6.8
Short Blades   | 4 7 9 12 | 12.0
Translocations | 2 3 |  3.0
Air Magic      | 1 4 |  4.0
Spellcasting   | 1 5 |  5.0
Poison Magic   | 1 3 |  3.0
Conjurations   | 1 2 |  2.0
Shields        | 2 6 8 10 12 13 14 15 | 15.6
Stealth        | 5 |  5.0

Action                   |  1- 3 |  4- 6 |  7- 9 | 10-12 | 13-15 | 16-18 | 19-21 || total
-------------------------+-------+-------+-------+-------+-------+-------+-------++-------
Melee: Rapier            |    24 |       |   102 |   497 |       |       |       ||   623
       Constrict         |    16 |    33 |    64 |    68 |   103 |   178 |    37 ||   499
       Tentacles         |     9 |    27 |    76 |   129 |   342 |   380 |   125 ||  1088
       Dagger            |    28 |   116 |    68 |       |       |       |       ||   212
       Quarterstaff      |       |       |    77 |       |       |       |       ||    77
       Quick blade       |       |       |       |    32 |  1042 |  1119 |   379 ||  2572
Throw: Dart              |     5 |     5 |    70 |    50 |       |       |       ||   130
       Throwing net      |     1 |       |     1 |       |       |       |       ||     2
       Javelin           |       |     4 |       |       |       |       |       ||     4
 Cast: Blink             |       |       |       |     1 |       |       |       ||     1
       Mephitic Cloud    |       |       |       |     2 |       |       |       ||     2
Invok: Stomp             |       |       |       |     6 |     3 |     2 |       ||    11
       Grand Finale      |       |       |       |       |       |     1 |     1 ||     2
Evoke: Wand              |       |       |    22 |    30 |    18 |     3 |       ||    73
  Use: Scroll            |       |       |    13 |    12 |    20 |    12 |     8 ||    65
       Potion            |       |       |       |     3 |     7 |     2 |     1 ||    13
 Stab: Sleeping          |     5 |     6 |     8 |     6 |    12 |    16 |    10 ||    63
       Distracted        |       |     1 |       |       |     2 |     5 |     1 ||     9
       Held in net/web   |       |       |     1 |       |       |       |       ||     1
       Paralysed         |       |       |     7 |    42 |    96 |    94 |    33 ||   272
       Invisible         |       |       |       |       |     4 |       |       ||     4
  Eat: Chunk             |       |     7 |    14 |    24 |    33 |    17 |     8 ||   103
       Ration            |       |       |     1 |     3 |     3 |     9 |     2 ||    18
Armor: Skin              |     5 |     6 |    10 |    18 |    13 |     9 |     3 ||    64
Dodge: Dodged            |    31 |    81 |   216 |   418 |   199 |   127 |    78 ||  1150
Block: Large shield      |       |       |       |    20 |   421 |   449 |   233 ||  1123

Table legend:
 A = Non-vault XP
 B = Vault XP
 C = Vault XP percentage of total XP
 D = Non-vault monster count
 E = Vault monster count
 F = Vault count percentage of total count
                 A         B        C        D         E       F
            +---------+---------+-------+---------+---------+-------
      Total |  197019 |  191357 |  49.3 |     790 |     383 |  32.7
            +---------+---------+-------+---------+---------+-------
        D:1 |      45 |       0 |   0.0 |      20 |       0 |   0.0
        D:2 |     215 |       0 |   0.0 |      28 |       0 |   0.0
        D:3 |      50 |      37 |  42.5 |      19 |       1 |   5.0
        D:4 |     592 |      39 |   6.2 |      27 |       1 |   3.6
        D:5 |     859 |     315 |  26.8 |      23 |       6 |  20.7
        D:6 |     340 |     673 |  66.4 |      15 |       4 |  21.1
        D:7 |     510 |     205 |  28.7 |      16 |       1 |   5.9
        D:8 |    1556 |       0 |   0.0 |      23 |       0 |   0.0
        D:9 |    3901 |       0 |   0.0 |      39 |       0 |   0.0
       D:10 |    2650 |     669 |  20.2 |      24 |      13 |  35.1
       D:11 |    4280 |    1760 |  29.1 |      36 |       5 |  12.2
       D:12 |    6623 |    3194 |  32.5 |      12 |       3 |  20.0
       D:13 |    7415 |    8242 |  52.6 |      30 |      20 |  40.0
       D:14 |   10685 |       0 |   0.0 |      39 |       0 |   0.0
       D:15 |    9519 |    3090 |  24.5 |      27 |       4 |  12.9
     Lair:1 |    3992 |    1380 |  25.7 |      15 |       6 |  28.6
     Lair:2 |    3761 |    4428 |  54.1 |      16 |      17 |  51.5
     Lair:3 |    2311 |     880 |  27.6 |       5 |       4 |  44.4
     Lair:4 |    4150 |    4641 |  52.8 |      21 |      11 |  34.4
     Lair:5 |    4363 |       0 |   0.0 |      13 |       0 |   0.0
     Lair:6 |    8838 |   12522 |  58.6 |      31 |      27 |  46.6
    Swamp:1 |   13598 |    4961 |  26.7 |      34 |       7 |  17.1
    Swamp:2 |   23417 |       0 |   0.0 |      43 |       0 |   0.0
    Swamp:3 |   11478 |    7992 |  41.0 |      28 |       1 |   3.4
    Swamp:4 |    9738 |   22364 |  69.7 |      33 |      24 |  42.1
   Spider:1 |    6501 |       0 |   0.0 |      19 |       0 |   0.0
      Orc:1 |    3498 |     439 |  11.2 |      34 |       1 |   2.9
      Orc:2 |    5443 |    7854 |  59.1 |      42 |      55 |  56.7
      Elf:1 |   19201 |   15751 |  45.1 |      30 |      24 |  44.4
      Elf:2 |    6801 |   29080 |  81.0 |      12 |      28 |  70.0
      Elf:3 |   20689 |   41956 |  67.0 |      36 |      28 |  43.8
     Bailey |       0 |    2281 | 100.0 |       0 |      39 | 100.0
      IceCv |       0 |    5386 | 100.0 |       0 |      20 | 100.0
    Volcano |       0 |    7963 | 100.0 |       0 |      27 | 100.0
   Gauntlet |       0 |    3255 | 100.0 |       0 |       6 | 100.0
            +---------+---------+-------+---------+---------+-------
